 Dungeon Crawl Stone Soup version 0.25.1-9-gc5326a611f (webtiles) character file.

Game seed: 1802269619763345961

1484 McKennaii the Poker (level 8, 0/91 HPs)
             Began as a Demonspawn Monk on Dec 30, 2020.
             Slain by an ice beast (2 damage)
             ... on level 6 of the Dungeon.
             The game lasted 00:10:30 (7927 turns).

McKennaii the Poker (Demonspawn Monk)               Turns: 7927, Time: 00:10:30

Health: 0/91       AC: 24    Str: 13      XL:     8   Next: 50%
Magic:  8/8        EV:  2    Int: 10 (11) God:
Gold:   304        SH:  5    Dex: 16 (17) Spells: 7/7 levels left

rFire    . . .     SeeInvis .   a - +0 spear
rCold    . . .     Gourm    .   (no shield)
rNeg     + + +     Faith    .   (armour currently unavailable)
rPois    +         Spirit   .   (helmet currently unavailable)
rElec    .         Reflect  +   (cloak currently unavailable)
rCorr    .         Harm     .   (gloves currently unavailable)
MR       .....     NoTele   +   (boots currently unavailable)
Stlth    +++.......             n - amulet of reflection
HPRegen  0.25/turn              (no ring)
MPRegen  0.11/turn              (no ring)

@: brilliant, tree-form (expiring)
A: foul stench 1, rot immunity
a: no special abilities


You were on level 6 of the Dungeon.
You were hungry.
You were a tree.
You visited 1 branch of the dungeon, and saw 6 of its levels.

You collected 304 gold pieces.

Inventory:

Hand Weapons
 a - a +0 spear (weapon)
Armour
 m - a +0 pair of boots (melded)
 v - a +0 plate armour (melded)
 w - a +1 cloak of stealth (melded)
Jewellery
 n - an amulet of reflection (around neck)
Wands
 f - a wand of iceblast (3)
 t - a wand of digging (5)
Scrolls
 e - 3 scrolls of teleportation
 j - a scroll of blinking {unknown}
 k - 5 scrolls of identify
 l - a scroll of amnesia
 q - 2 scrolls of enchant weapon {unknown}
 r - 3 scrolls of magic mapping {unknown}
Potions
 d - a potion of resistance
 g - 2 potions of stabbing
 h - a potion of flight {unknown}
 i - a potion of brilliance
 o - a potion of cancellation {unknown}
 p - 2 potions of magic
 s - a potion of might
 u - a potion of curing {unknown}
Comestibles
 c - 7 rations


   Skills:
 + Level 4.9 Fighting
 + Level 6.2 Polearms
 * Level 5.2 Armour
 - Level 2.6 Dodging
 + Level 5.2 Stealth


You had 7 spell levels left.
You didn't know any spells.
Your spell library was empty.

Dungeon Overview and Level Annotations

Branches:
Dungeon (6/15)
 Temple: D:4-7

Altars:
Kikubaaqudgha
Okawaru
The Shining One

Annotations:
D:6 1 transporter


Innate Abilities, Weirdness & Mutations

((You have a pair of small horns on your head.))
You may emit foul miasma when damaged in melee.
((You are partially covered in sharp spines.))
You are immune to rotting.
((Your movements are less encumbered by armour. (ER -4)))


Message History

The ice beast hits you but does no damage.
You barely miss the ice beast.
The ice beast is almost dead.
Your transformation is almost over.
The ice beast hits you.
* * * LOW HITPOINT WARNING * * *
The ice beast freezes you.
* * * LOW HITPOINT WARNING * * *
The ice beast hits you.
* * * LOW HITPOINT WARNING * * *
The ice beast freezes you!
* * * LOW HITPOINT WARNING * * *
You hit the ice beast but do no damage.
The ice beast is almost dead.
The ice beast hits you but does no damage.
Unknown command.
It was a potion of brilliance.
You feel clever all of a sudden. The ice beast hits you.
You die...

#.## #.# #.......####
#..# #.# #...........
##.## #.#####.####.####
#..# #######
#............# ##.#
#.○°○○###########.######
#.# #.☼.○.#☼°○☼°○####)#
#.###○.☼○☼#°○○○○°#..#.#
#.(.#[$.☼☼☼.#.#°☼#..#.#
#..©#©(.○°°..Y♣○○#©...#
#...#)$.°°°.#Y#°°#....#
#...#..☼°○#○○°°☼☼####.#
#...#°○○☼°#°°°°°°# #.#
#.#.#°.○..######## #.#
#.#.#######......# #.#
#...........####.# #.#
############# #.# #.#
#.## #.#


You could see 2 ice beasts.

Vanquished Creatures
  Pikel (D:3)
  Eustachio (D:6)
  An ice beast (D:6)
  2 slaves (D:3)
  2 ogres
  2 scorpions
  2 howler monkeys
  2 crimson imps (D:6)
  A centaur skeleton (D:3)
  Crazy Yiuf (D:6)
  2 orc wizards (D:4)
  An iguana (D:4)
  Ijyb (D:5)
  15 adders
  2 oozes
  An adder zombie (D:5)
  An adder skeleton (D:6)
  4 worms
  6 leopard geckos
  5 orcs
  7 giant cockroaches
  8 hobgoblins
  14 jackals
  7 kobolds
  2 quokkas (D:4)
  11 bats
  8 frilled lizards
  6 goblins
  5 rats
121 creatures vanquished.

Vanquished Creatures (others)
  A leopard gecko (D:4)
1 creature vanquished.

Grand Total: 122 creatures vanquished

Notes
Turn   | Place    | Note
-------+----------+-------------------------------------------
     0 | D:1      | McKennaii the Demonspawn Monk began the quest for the Orb.
     0 | D:1      | Reached XP level 1. HP: 18/18 MP: 1/1
   293 | D:1      | Gained mutation: You are partially covered in sharp spines.
                  | [demonic ancestry]
   293 | D:1      | Reached XP level 2. HP: 24/24 MP: 2/2
   506 | D:1      | Reached skill level 3 in Polearms
   555 | D:1      | Reached skill level 1 in Armour
  1014 | D:1      | Reached XP level 3. HP: 24/29 MP: 3/3
  1802 | D:2      | Gained mutation: You are immune to rotting. [demonic
                  | ancestry]
  1802 | D:2      | Reached XP level 4. HP: 35/35 MP: 4/4
  2636 | D:2      | Gained mutation: Your movements are slightly less
                  | encumbered by armour. (ER -2) [demonic ancestry]
  2636 | D:2      | Reached XP level 5. HP: 17/42 MP: 5/5
  3710 | D:3      | Reached skill level 4 in Polearms
  3778 | D:3      | Found an iron altar of Okawaru.
  4100 | D:4      | Noticed a slave
  4100 | D:4      | Noticed Pikel
  4100 | D:4      | Noticed a slave
  4100 | D:4      | Noticed a slave
  4100 | D:4      | Noticed a slave
  4160 | D:4      | Found a glowing golden altar of the Shining One.
  4191 | D:4      | Gained mutation: You have a pair of small horns on your
                  | head. [demonic ancestry]
  4191 | D:4      | Reached XP level 6. HP: 48/48 MP: 6/6
  4355 | D:3      | Killed a slave
  4359 | D:3      | Killed a slave
  4514 | D:3      | Killed Pikel
  4514 | D:3      | Gained mutation: You may emit foul miasma when damaged in
                  | melee. [demonic ancestry]
  4514 | D:3      | Reached XP level 7. HP: 9/54 MP: 7/7
  4786 | D:4      | Reached skill level 5 in Polearms
  5765 | D:5      | Entered Level 5 of the Dungeon
  5809 | D:5      | Found an ancient bone altar of Kikubaaqudgha.
  5815 | D:5      | Noticed Ijyb
  5858 | D:5      | Killed Ijyb
  6589 | D:6      | Found a transporter.
  6641 | D:6      | Gained mutation: Your movements are less encumbered by
                  | armour. (ER -4) [demonic ancestry]
  6641 | D:6      | Reached XP level 8. HP: 51/61 MP: 8/8
  6757 | D:6      | Found a transporter.
  6759 | D:6      | Noticed Eustachio
  6801 | D:6      | Killed Eustachio
  6801 | D:6      | Reached skill level 5 in Stealth
  6987 | D:6      | Reached skill level 6 in Polearms
  6987 | D:6      | Reached skill level 5 in Armour
  7621 | D:6      | Found a runed translucent door.
  7622 | D:6      | Noticed Crazy Yiuf
  7788 | D:6      | Killed Crazy Yiuf
  7925 | D:6      | HP: 1/91 [ice beast (9)]
  7927 | D:6      | Slain by an ice beast

Illustrated notes

Levels and vault maps discovered:
D:1:      dpeg_arrival_rooms_c, layout_basic
D:2:      layout_basic
D:3:      minmay_diamond_boxcup, layout_basic, first_ration, okawaru_gym_becter
D:4:      layout_cave_pods, overflow_temple_1_default, uniq_pikel
D:5:      layout_gridville, overflow_temple_1_default, uniq_ijyb
D:6:      gammafunk_cloud_chamber, layout_basic, fountainhead,
          uniq_crazy_yiuf_cottage, uniq_eustachio

Skill      XL: |  1  2  3  4  5  6  7  8 |
---------------+-------------------------+-----
Stealth        | 2 3 4 5 |  5.2
Polearms       | 3 4 5 6 |  6.2
Armour         | 1 2 3 4 5 |  5.2
Fighting       | 4 |  4.9
Dodging        | |  2.6

Action                   |  1- 3 |  4- 6 |  7- 9 || total
-------------------------+-------+-------+-------++-------
Melee: Spear             |   109 |   251 |   220 ||   580
       Headbutt          |       |    12 |    37 ||    49
  Use: Potion            |     1 |       |     5 ||     6
       Scroll            |       |     5 |       ||     5
 Stab: Sleeping          |     5 |    16 |     6 ||    27
       Distracted        |       |     2 |       ||     2
  Eat: Chunk             |     3 |     5 |    10 ||    18
       Ration            |       |     1 |       ||     1
Armor: Robe              |    17 |     9 |       ||    26
       Ring mail         |       |    24 |    12 ||    36
       Plate armour      |       |       |    33 ||    33
       Skin              |       |       |    21 ||    21
Dodge: Dodged            |    66 |    89 |    39 ||   194
Block: Other             |       |    47 |    34 ||    81
       Reflection        |       |     1 |       ||     1
